 Dungeon Crawl Stone Soup version 0.32-a0-290-g598725c5f2 (webtiles) character file.

Game seed: 10202559966537827776

411 Persephone the Chopper (level 6, -2/51 HPs)
             Began as a Mountain Dwarf Fighter on Feb 13, 2024.
             Was an Initiate of Gozag.
             Succumbed to a killer bee's poison
             ... in the Ecumenical Temple.
             The game lasted 00:04:54 (2637 turns).

Persephone the Chopper (Mountain Dwarf Fighter)     Turns: 2637, Time: 00:04:55

Health: -2/51      AC: 15    Str: 23    XL:     6   Next: 58%
Magic:  6/6        EV:  6    Int:  9    God:    Gozag
Gold:   111        SH:  5    Dex: 12    Spells: 5/5 levels left

rFire   . . .        a - +0 war axe
rCold   . . .        c - +0 buckler
rNeg    . . .        t - +0 plate armour
rPois   .            (no helmet)
rElec   +            g - +3 cloak of Eternal Vigilance {rElec Str+3 Dex+3 SInv}
rCorr   .            (no gloves)
SInv    +            (no boots)
Will    .....        (no amulet) Stlth
                     (no ring)
HPRegen 0.28/turn    (no ring)
MPRegen 0.10/turn

%: no passive effects
@: mighty, lethally poisoned (-2 -> -11), gold aura, studying Maces & Flails
A: runic magic, artefact enchanting
a: Renounce Religion, Potion Petition, Call Merchant, Bribe Branch


You were in the Ecumenical Temple.
You worshipped Gozag.
Gozag was aware of your devotion.
You visited 2 branches of the dungeon, and saw 5 of its levels.

You collected 172 gold pieces.
You paid 61 gold pieces to Gozag.

Inventory:

Hand Weapons
 a - a +0 war axe (weapon)
Armour
 b - a +0 scale mail
 c - a +0 buckler (worn)
 g - the +3 cloak of Eternal Vigilance (worn) {rElec Str+3 Dex+3 SInv}
   (You acquired it on level 3 of the Dungeon)

   Str+3:     It affects your strength (+3).
   Dex+3:     It affects your dexterity (+3).
   rElec:     It insulates you from electricity.
   SInv:      It lets you see invisible.
 t - a +0 plate armour (worn)
Scrolls
 h - a scroll of noise
Potions
 d - 2 potions of might
 f - a potion of attraction {unknown}
 i - a potion of magic {unknown}
 k - a potion of resistance {unknown}
 l - a potion of brilliance {unknown}
 m - a potion of enlightenment {unknown}
 n - a potion of degeneration {unknown}
 s - a potion of invisibility {unknown}
 u - a potion of cancellation {unknown}


   Skills:
 - Level 3.2 Fighting
 * Level 7.5 Axes
 - Level 3.2 Armour
 - Level 5.0 Shields


You had 5 spell levels left.
You didn't know any spells.
Your spell library was empty.

Dungeon Overview and Level Annotations

Branches:
Dungeon (4/15)             Temple (1/1) D:4

Altars:
Dithmenos
Gozag
Hepliaklqana
Kikubaaqudgha
Nemelex Xobeh
Okawaru
Ru
Trog
Vehumet
Wu Jian
Xom
Yredelemnul
Zin


Innate Abilities, Weirdness & Mutations

Your spellcasting is much less encumbered by armour.
You can use scrolls of enchantment on lesser artefacts.


Message History

You miss the killer bee.
The killer bee is heavily wounded.
You miss the killer bee. You barely miss the killer bee.
The killer bee stings you.
* * * LOW HITPOINT WARNING * * *
You block the killer bee's attack. x2; The killer bee completely misses you.
The killer bee stings you but does no damage.
The killer bee barely misses you.
You hit the killer bee.
The killer bee is severely wounded.
You slash the killer bee!
You kill the killer bee!
You miss the killer bee.
The killer bee stings you but does no damage. x3
The killer bee closely misses you.
You miss the killer bee.
The killer bee is severely wounded.
You closely miss the killer bee.
The killer bee stings you but does no damage. x2
The killer bee barely misses you. The killer bee stings you.
* * * LOW HITPOINT WARNING * * *
You are lethally poisoned!
The killer bee poisons you! The killer bee stings you.
* * * LOW HITPOINT WARNING * * *
The killer bee stings you but does no damage.
You feel better. You block the killer bee's attack.
The killer bee barely misses you.
The killer bee stings you but does no damage. x2
You feel very mighty all of a sudden. You block the killer bee's attack.
The killer bee stings you but does no damage.
The killer bee barely misses you. The killer bee stings you.
* * * LOW HITPOINT WARNING * * *
You are lethally poisoned!
The killer bee poisons you!
You hit the killer bee.
The killer bee is heavily wounded.
You miss the killer bee.
You die...
Your body crumbles into a pile of gold.

##.# #...# #.##
####.####.####.####
#_.##.# #.# #.##._#
#..##.###.###.##..#
###.##.##.##.##.###
##.#.#...#.#.## ###
##.........## ###
##.#####...$..######.##
#_.........@y........_#
##.#####...y..######.##
### ##.........## ###
##.#.#...#.#.##
###.##.##.##.##.###
#..##.###.###.##..#
#_.##.# #.# #.##._#
####.####.####.####
##.# #...# #.##


You could see 2 killer bees.

Vanquished Creatures
  A bullfrog (D:3)
  A killer bee (Temple)
  A hound (D:4)
  Natasha (thrice) (D:2)
  An orc wizard (D:4)
  A gnoll (D:1)
  2 adders
  A dart slug (D:4)
  3 orcs (D:4)
  7 bats
  6 endoplasms
  5 giant cockroaches
  7 goblins
  12 hobgoblins
  2 jackals (D:1)
  5 quokkas
  10 ball pythons
  A frilled lizard (D:3)
  5 kobolds
  8 rats
82 creatures vanquished.

Notes
Turn   | Place    | Note
-------+----------+-------------------------------------------
     0 | D:1      | Persephone the Mountain Dwarf Fighter began the quest for
                  | the Orb.
     0 | D:1      | Reached XP level 1. HP: 19/19 MP: 1/1
    81 | D:1      | Reached skill level 3 in Axes
    90 | D:1      | Reached XP level 2. HP: 20/26 MP: 2/2
   236 | D:1      | Reached XP level 3. HP: 26/31 MP: 3/3
   301 | D:1      | Reached skill level 4 in Axes
   897 | D:2      | Reached XP level 4. HP: 38/38 MP: 4/4
  1117 | D:2      | Noticed Natasha
  1123 | D:2      | Killed Natasha
  1124 | D:2      | Reached skill level 5 in Axes
  1188 | D:2      | Noticed Natasha
  1194 | D:2      | Killed Natasha
  1195 | D:2      | Reached XP level 5. HP: 39/45 MP: 5/5
  1323 | D:2      | Noticed Natasha
  1342 | D:2      | Killed Natasha
  1649 | D:3      | Found a faded altar of an unknown god.
  1751 | D:3      | Reached skill level 6 in Axes
  1757 | D:3      | Reached skill level 5 in Shields
  1757 | D:3      | Reached XP level 6. HP: 43/51 MP: 6/6
  2283 | D:3      | Found a basalt altar of Yredelemnul.
  2502 | D:3      | Identified a scroll of acquirement
  2503 | D:3      | Acquired the +3 cloak of Eternal Vigilance {rElec Str+3
                  | Dex+3 SInv}
  2529 | D:4      | Found a staircase to the Ecumenical Temple.
  2536 | Temple   | Entered the Ecumenical Temple
  2574 | D:4      | Reached skill level 7 in Axes
  2600 | Temple   | Became a worshipper of Gozag Ym Sagoz the Greedy
  2624 | D:4      | HP: 2/51 [killer bee (4)]
  2634 | Temple   | HP: 1/51 [killer bee (2)]
  2637 | Temple   | Succumbed to a killer bee's poison

Illustrated notes

Levels and vault maps discovered:
D:1:      saegor_arrival_simple_b, layout_loops_ring
D:2:      minmay_diamond_boxcup, layout_loops_ring, uniq_natasha
D:3:      layout_basic, mainiacjoe_overflow_brackets,
          chequers_ecumenical_altar_island, minmay_diced_spiral
D:4:      layout_basic, minitemple, nicolae_overflow_two_pavilions,
          minmay_temple_entry_trees, minmay_misc_feat_iff
Temple:   hellmonk_temple_flake

Skill      XL: |  1  2  3  4  5  6 |
---------------+-------------------+-----
Axes           | 3 4 5 6 7 |  7.5
Shields        | 4 5 |  5.0
Fighting       | |  3.2
Armour         | |  3.2

Action                     |  1- 3 |  4- 6 || total
---------------------------+-------+-------++-------
  Melee: War axe           |    82 |   138 ||   220
  Throw: Boomerang         |       |    23 ||    23
    Use: Scroll            |       |    10 ||    10
         Potion            |       |     3 ||     3
 Armour: Scale mail        |    43 |    62 ||   105
         Plate armour      |       |    95 ||    95
  Dodge: Dodged            |    36 |    77 ||   113
  Block: Buckler           |    20 |    53 ||    73

Table legend: (Time is in decaauts)
 A = Elapsed time spent in this place.
 B = Non-inter-level travel time spent in this place.
 C = Inter-level travel time spent in this place.
 D = Time resting spent in this place.
 E = Time spent auto-exploring this place.
 F = Levels seen in this place.
 G = Mean time per level.
                   A        B        C        D        E       F      G
               +--------+--------+--------+--------+--------+-----+--------+
         Total |   2709 |   2533 |    176 |      0 |   1943 |   5 |  541.8 |
       Dungeon |   2650 |   2474 |    176 |      0 |   1943 |   4 |  662.5 |
        Temple |     58 |     58 |      0 |      0 |      0 |   1 |   58.0 |
               +--------+--------+--------+--------+--------+-----+--------+

Top non-repeatable levels by time:
     D:3: 911 daAuts
     D:1: 872 daAuts
     D:2: 810 daAuts
  Temple: 58 daAuts
     D:4: 56 daAuts
